 Dungeon Crawl Stone Soup version 0.21-a0-508-gf08a75f (webtiles) character file.

37 slep the Shield-Bearer (level 3, 0/29 HPs)
             Began as a Demonspawn Fighter on Nov 29, 2017.
             Succumbed to an adder's poison
             ... on level 2 of the Dungeon.
             The game lasted 00:03:19 (659 turns).

slep the Shield-Bearer (Demonspawn Fighter)          Turns: 659, Time: 00:03:20

Health: 0/29       AC:  3    Str: 14    XL:     3   Next: 21%
Magic:  3/3        EV:  6    Int: 14    God:
Gold:   54         SH:  8    Dex: 13    Spells: 2/2 levels left

rFire    . . .     SeeInvis .   a - +0 long sword
rCold    . . .     Gourm    .   c - +0 shield
rNeg     . . .     Faith    .   b - +0 scale mail
rPois    .         Spirit   .   (helmet restricted)
rElec    .         Reflect  .   (no cloak)
rCorr    .         Harm     .   (no gloves)
MR       +....                  (no boots)
Stlth    ..........             (no amulet)
HPRegen  0.09/turn              g - ring of protection from magic
MPRegen  0.08/turn              i - -3 ring of protection (curse)

@: brilliant, lethally poisoned (0 -> -5)
A: antennae 2, mutation resistance 1, weak 1
a: no special abilities


You were on level 2 of the Dungeon.
You were not hungry.

You visited 1 branch of the dungeon, and saw 2 of its levels.

You collected 54 gold pieces.

Inventory:

Hand Weapons
 a - a +0 long sword (weapon)
Armour
 b - a +0 scale mail (worn)
 c - a +0 shield (worn)
Jewellery
 g - a ring of protection from magic (left hand)
 i - a cursed -3 ring of protection (right hand)
Scrolls
 e - a scroll of teleportation {unknown}
 l - a scroll of amnesia {unknown}
 m - 2 scrolls of identify {unknown}
 p - a scroll of enchant armour {unknown}
Potions
 d - a potion of might
 k - a potion of curing {unknown}
 n - a potion of agility {unknown}
 o - a potion of haste {unknown}
 q - a potion of invisibility {unknown}
Comestibles
 f - a bread ration


   Skills:
 + Level 3.1 Fighting
 + Level 2.1 Long Blades
 + Level 3.1 Armour
 + Level 3.2 Shields


You had 2 spell levels left.
You didn't know any spells.

Dungeon Overview and Level Annotations

Branches:
Dungeon (2/15)

Altars:


Innate Abilities, Weirdness & Mutations

You have a pair of antennae on your head.
You are somewhat resistant to further mutation.
You are weak. (Str -2)


Message History

You miss the adder. The bat hits you. The adder bites you but does no damage.
The adder bites you.
* * * LOW HITPOINT WARNING * * *
You closely miss the adder. The bat barely misses you. The adder bites you.
* * * LOW HITPOINT WARNING * * *
The adder bites you but does no damage.
You hit the adder.
The adder is heavily wounded.
You block the bat's attack. You block the adder's attack. The adder bites you.
* * * LOW HITPOINT WARNING * * *
You are lethally poisoned!
The adder poisons you!
It was a potion of mutation.
You feel extremely strange.
You feel weaker.
You feel genetically stable.
* * * LOW HITPOINT WARNING * * *
You feel sick. The bat hits you but does no damage.
The adder bites you but does no damage.
It was a potion of brilliance.
You feel clever all of a sudden.
You die...

##.............. #.
#.......##..#...
#####.###......####.#...
........#....#.# #.....
........#....#.# ####..
........#....#.# ....
........#....#.# .....
........#....#.. .....
......S@......... .....
......b....###### .....
........#...# ..
........##..# .
######.###.... # #.
.##.. .# #. .# ..) .. ..
.. .. ..


You could see an adder and a bat.

Vanquished Creatures
  An ooze (D:2)
  A dart slug (D:1)
  2 leopard geckos (D:2)
  8 bats
  4 goblins
  3 hobgoblins
  3 kobolds
  A frilled lizard (D:1)
  4 rats
27 creatures vanquished.

Vanquished Creatures (others)
  5 toadstools (D:1)
5 creatures vanquished.

Grand Total: 32 creatures vanquished

Notes
Turn   | Place    | Note
-------+----------+-------------------------------------------
     0 | D:1      | slep the Demonspawn Fighter began the quest for the Orb.
     0 | D:1      | Reached XP level 1. HP: 18/18 MP: 1/1
   174 | D:1      | Gained mutation: You have a pair of small antennae on your head. [demonic ancestry]
   174 | D:1      | Reached XP level 2. HP: 23/24 MP: 2/2
   511 | D:2      | Gained mutation: You have a pair of antennae on your head. [demonic ancestry]
   511 | D:2      | Reached XP level 3. HP: 27/29 MP: 3/3
   658 | D:2      | Gained mutation: You are weak. (Str -2) [potion of mutation]
   658 | D:2      | Gained mutation: You are somewhat resistant to further mutation. [potion of mutation]
   658 | D:2      | HP: 1/29 [poisoned by an adder]
   659 | D:2      | Succumbed to an adder's poison

Vault maps used:
D:1:      ldierk_walled_garden
D:2:      minmay_goblin_outpost

Skill      XL: |  1  2 |
---------------+-------+-----
Shields        | 3 |  3.2
Long Blades    | 2 |  2.1
Armour         | 3 |  3.1
Fighting       | |  3.1

Action                   || total
-------------------------++-------
Melee: Long sword        ||   116
  Use: Potion            ||     2
Armor: Scale mail        ||    67
Dodge: Dodged            ||    34
Block: Shield            ||    86
       Rpst.: Long sword ||    10

Table legend:
 A = Spawn XP
 B = Non-spawn XP
 C = Spawn XP percentage of total XP
 D = Spawn monster count
 E = Non-spawn monster count
 F = Spawn count percentage of total count
 G = Total turns spent on level
                    A         B        C        D         E        F      G
               +---------+---------+-------+---------+---------+-------+---------
         Total |       0 |      53 |   0.0 |       0 |      27 |   0.0 |   659
               +---------+---------+-------+---------+---------+-------+---------
           D:1 |       0 |      26 |   0.0 |       0 |      16 |   0.0 |   451
           D:2 |       0 |      27 |   0.0 |       0 |      11 |   0.0 |   208
               +---------+---------+-------+---------+---------+-------+---------
